General information
- name: BNet
- type: Ladder team game (AT/RT)
- host: Battle.net
- saver: SheSaidDestroy
map: TwilightRuins
- players: 8
- length: 97:50
- speed: Fast
- version: 1.26 W3XP
- replay type: Public
» download(501 KB)
Players
team 1 (winner)
IIIIIIllIlIlIIl (
yellow | 249 APM | 3049 actions | 12:15)
4 Death Knight
2 Death Coil
2 Unholy Aura
» actions
| Assign group hotkey | 71 | |
| Basic commands | 104 | |
| Build / train | 60 | |
| ESC pressed | 4 | |
| Enter build submenu | 13 | |
| Enter hero's abilities submenu | 4 | |
| Give item / drop item | 1 | |
| Right click | 802 | |
| Select / deselect | 364 | |
| Select group hotkey | 1544 | |
| Use ability | 82 | |
3049 total
» units
| Acolyte | 11 | |
| Ghoul | 2 | |
| Crypt Fiend | 19 | |
| Goblin Shredder | 2 | |
34 total
» upgrades
» buildings
| Graveyard | 2 | |
| Crypt | 2 | |
| Altar of Darkness | 1 | |
| Ziggurat | 4 | |
| Tomb of Relics | 1 | |
| Nerubian Tower | 2 | |
| Necropolis | 1 | |
| Halls of the Dead | 2 | |
| Black Citadel | 2 | |
17 total
» build order
00:06 Graveyard
00:08 Crypt
00:40 Altar of Darkness
00:56 Ziggurat
01:23 Tomb of Relics
02:00 Ziggurat
02:14 Nerubian Tower
02:14 Nerubian Tower
04:26 Ziggurat
04:37 Necropolis
06:40 Halls of the Dead
09:02 Black Citadel
10:23 Halls of the Dead
10:27 Crypt
10:28 Graveyard
10:42 Ziggurat
» items
| Rod of Necromancy | 8 | |
| Sacrificial Skull | 1 | |
| Periapt of Vitality | 1 | |
10 total
Fade (
red | 39 APM | 3810 actions | 97:50)
8 Death Knight
3 Death Coil
3 Unholy Aura
1 Death Pact
1 Animate Dead
6 Lich
3 Frost Nova
2 Frost Armor
1 Death and Decay
» actions
| Assign group hotkey | 52 | |
| Build / train | 117 | |
| ESC pressed | 9 | |
| Enter build submenu | 24 | |
| Enter hero's abilities submenu | 14 | |
| Give item / drop item | 2 | |
| Right click | 2429 | |
| Select / deselect | 419 | |
| Select group hotkey | 543 | |
| Use ability | 201 | |
3810 total
» units
| Acolyte | 42 | |
| Ghoul | 14 | |
| Crypt Fiend | 22 | |
| Frost Wyrm | 2 | |
80 total
» upgrades
| Web | 1 | |
| Burrow | 1 | |
| Creature Attack | 1 | |
3 total
» buildings
| Graveyard | 1 | |
| Crypt | 1 | |
| Altar of Darkness | 1 | |
| Ziggurat | 12 | |
| Tomb of Relics | 1 | |
| Halls of the Dead | 1 | |
| Black Citadel | 1 | |
| Spirit Tower | 4 | |
| Nerubian Tower | 1 | |
| Sacrificial Pit | 1 | |
| Boneyard | 1 | |
25 total
» build order
00:09 Graveyard
00:13 Crypt
00:42 Altar of Darkness
00:58 Ziggurat
01:26 Tomb of Relics
02:04 Ziggurat
03:53 Ziggurat
04:27 Halls of the Dead
06:02 Ziggurat
08:44 Ziggurat
08:47 Black Citadel
09:57 Ziggurat
10:00 Ziggurat
12:11 Spirit Tower
12:12 Nerubian Tower
12:14 Spirit Tower
12:16 Spirit Tower
13:00 Spirit Tower
16:06 Ziggurat
19:25 Ziggurat
19:27 Ziggurat
19:29 Ziggurat
26:06 Ziggurat
26:18 Sacrificial Pit
27:23 Boneyard
» items
| Rod of Necromancy | 3 | |
| Scroll of Town Portal | 2 | |
| Potion of Healing | 1 | |
| Potion of Mana | 1 | |
| Orb of Corruption | 1 | |
8 total

»
I-MASS-BLUNTZ (
blue | 25 APM | 2457 actions | 97:50)
6 Archmage
3 Summon Water Elemental
2 Brilliance Aura
1 Mass Teleport
6 Paladin
3 Holy Light
2 Divine Shield
1 Resurrection
5 Mountain King
3 Storm Bolt
2 Bash
» actions
| Assign group hotkey | 22 | |
| Build / train | 95 | |
| Enter build submenu | 39 | |
| Enter hero's abilities submenu | 20 | |
| Give item / drop item | 7 | |
| Remove unit from queue | 2 | |
| Right click | 1094 | |
| Select / deselect | 662 | |
| Select group hotkey | 318 | |
| Use ability | 198 | |
2457 total
» units
| Peasant | 15 | |
| Rifleman | 8 | |
| Sorceress | 14 | |
| Priest | 1 | |
38 total
» upgrades
| Gunpowder | 3 | |
| Armor | 2 | |
| Lumber Harvesting | 1 | |
| Long Rifles | 1 | |
| Sorceress Training | 2 | |
| Magic Sentry | 1 | |
| Masonry | 2 | |
| Priest Training | 1 | |
13 total
» buildings
| Altar of Kings | 1 | |
| Farm | 9 | |
| Arcane Vault | 1 | |
| Barracks | 1 | |
| Blacksmith | 1 | |
| Lumber Mill | 1 | |
| Keep | 1 | |
| Town Hall | 1 | |
| Scout Tower | 14 | |
| Arcane Sanctum | 1 | |
| Guard Tower | 5 | |
| Arcane Tower | 2 | |
| Castle | 1 | |
39 total
» build order
00:12 Altar of Kings
00:17 Farm
01:01 Arcane Vault
01:35 Barracks
01:40 Farm
01:52 Blacksmith
03:01 Lumber Mill
03:25 Farm
04:11 Keep
04:49 Farm
05:19 Farm
05:56 Farm
06:50 Town Hall
06:52 Scout Tower
07:12 Farm
07:41 Scout Tower
07:43 Scout Tower
08:04 Arcane Sanctum
09:05 Guard Tower
09:06 Arcane Tower
09:13 Castle
09:30 Farm
11:49 Farm
15:40 Scout Tower
15:41 Scout Tower
15:45 Scout Tower
16:51 Scout Tower
18:31 Scout Tower
18:59 Guard Tower
19:01 Scout Tower
19:02 Scout Tower
20:06 Arcane Tower
20:07 Guard Tower
20:08 Guard Tower
20:19 Scout Tower
20:47 Scout Tower
20:53 Scout Tower
22:14 Guard Tower
25:04 Scout Tower
» items
| Scroll of Regeneration | 2 | |
| Lesser Clarity Potion | 1 | |
| Boots of Speed | 3 | |
| Scroll of Town Portal | 2 | |
| Orb of Fire | 1 | |
| Healing Salve | 2 | |
| Tiny Great Hall | 1 | |
| Orb of Lightning | 1 | |
| Staff of Teleportation | 1 | |
14 total
LoAndBehold (
orange | 44 APM | 4321 actions | 97:42)
9 Blademaster
3 Wind Walk
3 Critical Strike
1 Bladestorm
2 Mirror Image
1 Death Knight
1 Death Coil
» actions
| Assign group hotkey | 64 | |
| Basic commands | 93 | |
| Build / train | 124 | |
| Enter build submenu | 91 | |
| Enter hero's abilities submenu | 10 | |
| Give item / drop item | 22 | |
| Remove unit from queue | 10 | |
| Right click | 1676 | |
| Select / deselect | 474 | |
| Select group hotkey | 1329 | |
| Use ability | 425 | |
4321 total
» units
| Peon | 16 | |
| Grunt | 4 | |
| Goblin Shredder | 1 | |
| Wind Rider | 13 | |
| Troll Batrider | 12 | |
| Troll Witch Doctor | 7 | |
| Goblin Zeppelin | 1 | |
54 total
» upgrades
| Armor | 3 | |
| Pillage | 1 | |
| Reinforced Defenses | 1 | |
| Ranged Weapons | 3 | |
| Liquid Fire | 1 | |
| Troll Regeneration | 1 | |
| Envenomed Spears | 1 | |
| Spiked Barricades | 3 | |
| Witch Doctor Training | 1 | |
15 total
» buildings
| Orc Burrow | 7 | |
| Altar of Storms | 1 | |
| Barracks | 1 | |
| Stronghold | 1 | |
| Voodoo Lounge | 1 | |
| War Mill | 1 | |
| Great Hall | 6 | |
| Beastiary | 6 | |
| Watch Tower | 138 | |
| Fortress | 4 | |
| Spirit Lodge | 1 | |
167 total
» build order
00:49 Orc Burrow
00:52 Altar of Storms
00:54 Barracks
01:13 Orc Burrow
02:48 Stronghold
03:27 Voodoo Lounge
04:31 War Mill
05:38 Great Hall
05:58 Beastiary
05:59 Beastiary
06:25 Orc Burrow
08:31 Orc Burrow
08:47 Watch Tower
08:47 Watch Tower
08:47 Watch Tower
08:56 Watch Tower
10:42 Watch Tower
10:43 Watch Tower
10:43 Watch Tower
10:48 Watch Tower
10:49 Watch Tower
10:49 Watch Tower
10:50 Watch Tower
10:51 Watch Tower
10:52 Watch Tower
10:58 Fortress
10:58 Fortress
10:59 Fortress
13:16 Watch Tower
13:17 Watch Tower
13:17 Watch Tower
13:18 Watch Tower
13:18 Watch Tower
13:19 Watch Tower
13:26 Watch Tower
13:26 Watch Tower
16:16 Orc Burrow
19:38 Beastiary
19:39 Beastiary
19:39 Beastiary
19:40 Beastiary
19:43 Orc Burrow
19:43 Orc Burrow
28:48 Great Hall
28:52 Watch Tower
28:53 Watch Tower
28:54 Watch Tower
28:54 Watch Tower
28:55 Watch Tower
28:55 Watch Tower
28:56 Watch Tower
32:16 Great Hall
33:21 Spirit Lodge
39:04 Watch Tower
39:05 Watch Tower
39:05 Watch Tower
39:05 Watch Tower
39:06 Watch Tower
41:26 Watch Tower
42:38 Watch Tower
42:38 Watch Tower
42:41 Watch Tower
42:42 Watch Tower
42:44 Watch Tower
42:47 Watch Tower
42:51 Watch Tower
51:38 Great Hall
51:43 Great Hall
52:24 Watch Tower
52:25 Watch Tower
52:25 Watch Tower
52:25 Watch Tower
52:27 Watch Tower
52:27 Watch Tower
52:27 Watch Tower
52:58 Great Hall
53:29 Watch Tower
53:31 Watch Tower
53:34 Watch Tower
53:39 Watch Tower
53:40 Watch Tower
53:51 Watch Tower
53:51 Watch Tower
53:56 Watch Tower
53:57 Watch Tower
54:01 Watch Tower
54:01 Watch Tower
54:03 Watch Tower
54:04 Watch Tower
54:05 Watch Tower
54:09 Watch Tower
54:09 Watch Tower
54:10 Watch Tower
68:47 Watch Tower
68:48 Watch Tower
68:48 Watch Tower
68:49 Watch Tower
68:49 Watch Tower
68:50 Watch Tower
68:50 Watch Tower
68:50 Watch Tower
68:51 Watch Tower
68:51 Watch Tower
68:52 Watch Tower
68:52 Watch Tower
68:52 Watch Tower
68:53 Watch Tower
68:53 Watch Tower
68:54 Watch Tower
68:54 Watch Tower
68:55 Watch Tower
68:55 Watch Tower
68:56 Watch Tower
68:57 Watch Tower
68:57 Watch Tower
68:58 Watch Tower
68:58 Watch Tower
68:59 Watch Tower
68:59 Watch Tower
69:00 Watch Tower
69:00 Watch Tower
69:01 Watch Tower
69:02 Watch Tower
69:02 Watch Tower
69:03 Watch Tower
69:04 Watch Tower
69:05 Watch Tower
69:07 Watch Tower
69:07 Watch Tower
69:07 Watch Tower
69:08 Watch Tower
69:08 Watch Tower
69:09 Watch Tower
69:09 Watch Tower
69:10 Watch Tower
69:10 Watch Tower
69:11 Watch Tower
69:11 Watch Tower
69:12 Watch Tower
69:12 Watch Tower
69:12 Watch Tower
69:13 Watch Tower
79:47 Watch Tower
79:48 Watch Tower
79:48 Watch Tower
79:49 Watch Tower
79:49 Watch Tower
79:50 Watch Tower
79:51 Watch Tower
79:51 Watch Tower
79:51 Watch Tower
79:52 Watch Tower
79:53 Watch Tower
79:53 Watch Tower
79:53 Watch Tower
79:54 Watch Tower
79:55 Watch Tower
79:56 Watch Tower
79:56 Watch Tower
79:57 Watch Tower
79:58 Watch Tower
79:59 Watch Tower
80:00 Watch Tower
80:02 Watch Tower
80:02 Watch Tower
» items
| Healing Salve | 6 | |
| Boots of Speed | 1 | |
| Staff of Teleportation | 2 | |
| Periapt of Vitality | 2 | |
| Lesser Clarity Potion | 6 | |
| Orb of Lightning | 1 | |
| Scroll of Town Portal | 3 | |
| Orb of Corruption | 1 | |
| Potion of Healing | 4 | |
| Potion of Mana | 2 | |
28 total
team 2 (loser)
www.urDIRT.com (
teal | 40 APM | 3372 actions | 83:37)
7 Blademaster
3 Wind Walk
3 Critical Strike
1 Bladestorm
» actions
| Assign group hotkey | 20 | |
| Basic commands | 43 | |
| Build / train | 115 | |
| Enter build submenu | 49 | |
| Enter hero's abilities submenu | 8 | |
| Give item / drop item | 27 | |
| Remove unit from queue | 10 | |
| Right click | 2136 | |
| Select / deselect | 651 | |
| Select group hotkey | 63 | |
| Use ability | 250 | |
3372 total
» units
| Peon | 34 | |
| Raider | 14 | |
| Troll Batrider | 8 | |
| Wind Rider | 1 | |
57 total
» upgrades
| Melee Weapons | 3 | |
| Armor | 4 | |
| Ensnare | 1 | |
| Reinforced Defenses | 1 | |
| Pillage | 1 | |
| Spiked Barricades | 0 | |
| Envenomed Spears | 1 | |
| Ranged Weapons | 2 | |
13 total
» buildings
| War Mill | 2 | |
| Altar of Storms | 6 | |
| Orc Burrow | 24 | |
| Stronghold | 3 | |
| Fortress | 3 | |
| Beastiary | 7 | |
| Voodoo Lounge | 3 | |
| Great Hall | 4 | |
52 total
» build order
00:08 War Mill
00:19 Altar of Storms
00:31 Orc Burrow
04:00 Stronghold
04:03 Orc Burrow
04:05 Orc Burrow
04:06 Orc Burrow
06:22 Fortress
06:26 Beastiary
06:27 Beastiary
06:28 Beastiary
06:50 Voodoo Lounge
13:07 Orc Burrow
13:07 Orc Burrow
19:01 Great Hall
20:25 Voodoo Lounge
22:32 Orc Burrow
22:33 Orc Burrow
23:55 Great Hall
24:05 Stronghold
24:31 Stronghold
25:01 Orc Burrow
25:03 Orc Burrow
25:05 Orc Burrow
25:36 Altar of Storms
25:37 Orc Burrow
25:40 Altar of Storms
26:27 Orc Burrow
26:29 Orc Burrow
27:49 Altar of Storms
29:17 Fortress
29:27 Beastiary
29:28 Beastiary
29:29 Beastiary
29:30 Beastiary
30:09 Orc Burrow
30:11 Orc Burrow
30:13 Orc Burrow
33:47 War Mill
39:26 Great Hall
40:09 Orc Burrow
40:09 Orc Burrow
40:11 Orc Burrow
40:12 Orc Burrow
40:13 Orc Burrow
42:28 Great Hall
44:55 Voodoo Lounge
52:27 Altar of Storms
52:43 Orc Burrow
55:08 Altar of Storms
55:13 Orc Burrow
» items
| Orb of Lightning | 1 | |
| Scroll of Speed | 2 | |
| Healing Salve | 8 | |
| Scroll of Town Portal | 1 | |
| Mana Stone | 1 | |
| Pendant of Energy | 1 | |
| Claws of Attack +9 | 1 | |
| Lesser Clarity Potion | 2 | |
| Tiny Great Hall | 1 | |
| Periapt of Vitality | 1 | |
| Scroll of Regeneration | 1 | |
| Boots of Speed | 1 | |
21 total
Bukkake_S1ut_69 (
purple | 78 APM | 1260 actions | 16:11)
4 Blademaster
2 Wind Walk
2 Critical Strike
3 Shadow Hunter
2 Hex
1 Healing Wave
» actions
| Assign group hotkey | 192 | |
| Basic commands | 8 | |
| Build / train | 53 | |
| Enter build submenu | 15 | |
| Enter hero's abilities submenu | 7 | |
| Give item / drop item | 4 | |
| Right click | 511 | |
| Select / deselect | 127 | |
| Select group hotkey | 291 | |
| Use ability | 52 | |
1260 total
» units
| Peon | 16 | |
| Grunt | 4 | |
| Wind Rider | 8 | |
| Troll Batrider | 1 | |
29 total
» upgrades
| Berserker Strength | 1 | |
| Armor | 1 | |
| Envenomed Spears | 1 | |
3 total
» buildings
| Altar of Storms | 1 | |
| Orc Burrow | 5 | |
| Barracks | 1 | |
| Voodoo Lounge | 1 | |
| Stronghold | 2 | |
| War Mill | 1 | |
| Fortress | 1 | |
| Spirit Lodge | 2 | |
| Beastiary | 2 | |
| Great Hall | 1 | |
17 total
» build order
00:07 Altar of Storms
00:17 Orc Burrow
00:39 Barracks
01:26 Orc Burrow
02:02 Voodoo Lounge
02:51 Stronghold
02:51 Stronghold
03:08 Orc Burrow
04:15 War Mill
05:49 Fortress
05:53 Spirit Lodge
05:56 Beastiary
06:50 Orc Burrow
07:02 Beastiary
08:17 Spirit Lodge
09:04 Great Hall
09:13 Orc Burrow
» items
| Healing Salve | 2 | |
| Orb of Lightning | 1 | |
| Scroll of Town Portal | 2 | |
| Gloves of Haste | 1 | |
| Claws of Attack +6 | 1 | |
7 total

»
StressedOutMan (
green | 39 APM | 3793 actions | 97:50)
6 Tauren Chieftain
3 War Stomp
2 Endurance Aura
1 Reincarnation
2 Shadow Hunter
2 Healing Wave
2 Blademaster
1 Wind Walk
1 Bladestorm
» actions
| Assign group hotkey | 40 | |
| Build / train | 121 | |
| ESC pressed | 1 | |
| Enter build submenu | 53 | |
| Enter hero's abilities submenu | 10 | |
| Give item / drop item | 1 | |
| Right click | 2080 | |
| Select / deselect | 586 | |
| Select group hotkey | 687 | |
| Use ability | 214 | |
3793 total
» units
| Peon | 23 | |
| Troll Headhunter/Berserker | 10 | |
| Goblin Shredder | 1 | |
| Goblin Zeppelin | 1 | |
| Tauren | 7 | |
| Troll Batrider | 20 | |
| Wind Rider | 6 | |
68 total
» upgrades
| Reinforced Defenses | 2 | |
| Berserker Upgrade | 1 | |
| Pulverize | 2 | |
| Ensnare | 1 | |
6 total
» buildings
| Orc Burrow | 16 | |
| War Mill | 1 | |
| Barracks | 2 | |
| Altar of Storms | 1 | |
| Voodoo Lounge | 1 | |
| Great Hall | 5 | |
| Stronghold | 3 | |
| Watch Tower | 12 | |
| Fortress | 1 | |
| Tauren Totem | 5 | |
| Beastiary | 6 | |
53 total
» build order
00:39 Orc Burrow
00:53 War Mill
01:12 Barracks
01:32 Barracks
01:38 Altar of Storms
01:45 Orc Burrow
02:29 Voodoo Lounge
03:01 Orc Burrow
03:07 Orc Burrow
05:38 Great Hall
06:53 Stronghold
07:00 Watch Tower
08:29 Watch Tower
08:30 Watch Tower
09:00 Watch Tower
09:02 Watch Tower
10:46 Fortress
12:24 Great Hall
12:26 Watch Tower
13:08 Tauren Totem
13:09 Tauren Totem
13:10 Tauren Totem
13:21 Great Hall
13:26 Tauren Totem
13:27 Tauren Totem
13:33 Orc Burrow
13:36 Orc Burrow
14:18 Watch Tower
14:35 Orc Burrow
14:38 Beastiary
14:39 Beastiary
15:04 Watch Tower
16:09 Orc Burrow
16:27 Watch Tower
18:58 Watch Tower
20:18 Orc Burrow
20:19 Orc Burrow
22:32 Orc Burrow
22:33 Watch Tower
23:23 Watch Tower
31:07 Great Hall
36:36 Orc Burrow
44:33 Stronghold
45:56 Orc Burrow
48:03 Great Hall
50:47 Stronghold
53:12 Beastiary
53:18 Beastiary
53:46 Beastiary
53:48 Beastiary
54:32 Orc Burrow
54:54 Orc Burrow
54:57 Orc Burrow
» items
| Healing Salve | 5 | |
| Lesser Clarity Potion | 6 | |
| Scroll of Speed | 5 | |
| Scroll of Healing | 1 | |
| Scroll of Town Portal | 9 | |
| Dust of Appearance | 1 | |
| Potion of Lesser Invulnerability | 1 | |
| Orb of Fire | 1 | |
29 total
SheSaidDestroy (
pink | 141 APM | 13778 actions | 97:50)
9 Pit Lord
3 Rain of Fire
3 Howl of Terror
1 Doom
2 Cleaving Attack
1 Goblin Alchemist
1 Chemical Rage
1 Goblin Tinker
1 Engineering Upgrade
» actions
| Assign group hotkey | 64 | |
| Basic commands | 275 | |
| Build / train | 445 | |
| ESC pressed | 18 | |
| Enter build submenu | 143 | |
| Enter hero's abilities submenu | 11 | |
| Give item / drop item | 15 | |
| Right click | 2294 | |
| Select / deselect | 932 | |
| Select group hotkey | 9062 | |
| Use ability | 519 | |
13778 total
» units
| Peasant | 30 | |
| Footman | 15 | |
| Goblin Shredder | 7 | |
| Sorceress | 1 | |
| Gryphon Rider | 10 | |
| Priest | 2 | |
| Dragonhawk Rider | 1 | |
66 total
» upgrades
| Masonry | 3 | |
| Lumber Harvesting | 2 | |
| Swords | 3 | |
| Armor | 3 | |
| Sorceress Training | 2 | |
| Magic Sentry | 1 | |
| Storm Hammers | 1 | |
| Cloud | 1 | |
| Animal War Training | 1 | |
| Backpack | 2 | |
| Priest Training | 2 | |
| Spiked Barricades | 1 | |
| Pillage | 1 | |
| Plating | 3 | |
| Gunpowder | 3 | |
| Control Magic | 1 | |
| Flak Cannons | 1 | |
| Flying Machine Bombs | 1 | |
| Defend | 1 | |
| Long Rifles | 1 | |
| Flare | 1 | |
| Fragmentation Shards | 1 | |
| Barrage | 1 | |
| Ensnare | 1 | |
38 total
» buildings
| Barracks | 2 | |
| Altar of Kings | 1 | |
| Farm | 17 | |
| Town Hall | 8 | |
| Lumber Mill | 1 | |
| Arcane Vault | 6 | |
| Scout Tower | 88 | |
| Arcane Tower | 25 | |
| Keep | 3 | |
| Blacksmith | 1 | |
| Guard Tower | 218 | |
| Arcane Sanctum | 1 | |
| Castle | 4 | |
| Gryphon Aviary | 4 | |
| Workshop | 4 | |
383 total
» build order
00:09 Barracks
00:11 Altar of Kings
00:22 Farm
00:52 Farm
01:49 Farm
02:37 Farm
03:43 Town Hall
04:21 Lumber Mill
05:11 Arcane Vault
05:18 Scout Tower
05:45 Arcane Tower
05:45 Arcane Tower
06:58 Keep
06:58 Keep
07:01 Scout Tower
07:01 Scout Tower
07:03 Scout Tower
07:41 Farm
07:47 Blacksmith
08:18 Scout Tower
08:19 Scout Tower
08:22 Guard Tower
08:22 Guard Tower
08:22 Guard Tower
08:24 Scout Tower
08:25 Scout Tower
08:27 Scout Tower
08:29 Scout Tower
08:52 Guard Tower
08:53 Guard Tower
08:55 Guard Tower
08:55 Guard Tower
08:55 Guard Tower
08:56 Guard Tower
08:59 Guard Tower
09:27 Scout Tower
09:28 Scout Tower
09:30 Scout Tower
09:37 Guard Tower
09:37 Guard Tower
09:41 Arcane Sanctum
09:55 Castle
09:56 Castle
09:56 Castle
10:28 Guard Tower
10:51 Scout Tower
10:52 Scout Tower
10:53 Scout Tower
11:00 Gryphon Aviary
11:04 Gryphon Aviary
11:29 Guard Tower
12:36 Gryphon Aviary
12:38 Gryphon Aviary
12:51 Arcane Vault
13:29 Farm
13:33 Farm
13:36 Farm
14:33 Scout Tower
14:33 Scout Tower
14:34 Scout Tower
14:35 Scout Tower
14:35 Scout Tower
14:43 Scout Tower
14:44 Scout Tower
14:45 Scout Tower
15:07 Guard Tower
15:07 Guard Tower
15:07 Guard Tower
15:07 Guard Tower
15:08 Guard Tower
15:08 Guard Tower
15:08 Guard Tower
15:09 Guard Tower
15:09 Guard Tower
15:11 Guard Tower
15:11 Guard Tower
15:12 Guard Tower
15:12 Guard Tower
15:35 Scout Tower
16:55 Guard Tower
16:55 Guard Tower
20:16 Farm
20:17 Farm
20:18 Farm
20:18 Farm
23:12 Guard Tower
23:12 Guard Tower
23:12 Guard Tower
24:36 Scout Tower
24:39 Scout Tower
24:40 Scout Tower
24:41 Scout Tower
24:49 Scout Tower
24:52 Town Hall
24:54 Scout Tower
24:56 Scout Tower
24:59 Scout Tower
25:01 Scout Tower
25:02 Scout Tower
25:19 Guard Tower
25:19 Guard Tower
25:20 Guard Tower
25:20 Guard Tower
25:23 Scout Tower
25:43 Guard Tower
25:43 Guard Tower
26:02 Arcane Tower
26:03 Arcane Tower
26:03 Guard Tower
26:03 Guard Tower
26:04 Guard Tower
26:04 Guard Tower
26:35 Arcane Vault
27:03 Guard Tower
27:03 Guard Tower
27:14 Workshop
27:15 Workshop
27:16 Workshop
27:17 Workshop
29:47 Scout Tower
29:48 Scout Tower
29:49 Scout Tower
29:50 Scout Tower
29:52 Scout Tower
30:43 Guard Tower
30:43 Guard Tower
30:47 Town Hall
30:50 Scout Tower
30:51 Scout Tower
30:52 Scout Tower
30:53 Scout Tower
30:59 Scout Tower
31:02 Scout Tower
31:04 Scout Tower
31:12 Scout Tower
31:14 Scout Tower
31:18 Scout Tower
31:18 Guard Tower
31:19 Guard Tower
31:23 Guard Tower
31:23 Guard Tower
31:23 Guard Tower
31:23 Guard Tower
31:25 Guard Tower
31:25 Guard Tower
31:45 Guard Tower
31:45 Guard Tower
31:45 Guard Tower
31:45 Guard Tower
31:47 Scout Tower
31:50 Guard Tower
31:50 Guard Tower
31:52 Guard Tower
31:52 Guard Tower
31:52 Guard Tower
31:54 Guard Tower
31:54 Guard Tower
31:55 Guard Tower
31:55 Guard Tower
32:18 Arcane Tower
32:19 Arcane Tower
32:19 Guard Tower
32:19 Guard Tower
32:19 Guard Tower
32:23 Guard Tower
32:23 Guard Tower
34:46 Arcane Vault
37:03 Scout Tower
37:04 Scout Tower
37:05 Scout Tower
37:07 Scout Tower
37:10 Scout Tower
37:14 Scout Tower
37:15 Scout Tower
37:17 Scout Tower
37:18 Scout Tower
37:36 Guard Tower
37:36 Guard Tower
37:36 Guard Tower
37:37 Guard Tower
37:42 Guard Tower
37:42 Guard Tower
37:42 Guard Tower
37:42 Guard Tower
37:48 Town Hall
40:38 Town Hall
40:42 Scout Tower
40:44 Scout Tower
40:47 Scout Tower
40:52 Scout Tower
40:58 Scout Tower
41:04 Scout Tower
41:06 Scout Tower
41:08 Scout Tower
41:10 Scout Tower
41:11 Guard Tower
41:11 Guard Tower
41:18 Guard Tower
41:18 Guard Tower
41:18 Guard Tower
41:19 Guard Tower
41:19 Guard Tower
41:32 Scout Tower
41:40 Guard Tower
41:41 Guard Tower
41:41 Guard Tower
41:41 Guard Tower
41:42 Guard Tower
41:42 Guard Tower
41:42 Guard Tower
42:20 Arcane Tower
42:20 Arcane Tower
42:21 Guard Tower
42:21 Guard Tower
42:21 Guard Tower
42:22 Guard Tower
42:23 Guard Tower
42:58 Arcane Vault
45:14 Barracks
47:39 Scout Tower
47:40 Scout Tower
47:42 Scout Tower
47:43 Scout Tower
48:11 Arcane Tower
48:12 Arcane Tower
48:38 Guard Tower
48:39 Guard Tower
48:40 Scout Tower
49:02 Guard Tower
49:02 Guard Tower
49:02 Guard Tower
49:05 Scout Tower
49:09 Town Hall
49:29 Guard Tower
49:29 Guard Tower
49:29 Guard Tower
49:32 Arcane Tower
49:32 Arcane Tower
49:37 Scout Tower
49:39 Scout Tower
49:45 Town Hall
49:54 Guard Tower
49:54 Guard Tower
49:54 Guard Tower
49:54 Guard Tower
50:19 Guard Tower
51:20 Scout Tower
51:29 Town Hall
52:06 Guard Tower
52:06 Guard Tower
53:25 Scout Tower
53:54 Guard Tower
53:54 Guard Tower
53:58 Scout Tower
54:00 Scout Tower
54:02 Scout Tower
54:03 Scout Tower
54:14 Farm
54:17 Farm
54:27 Farm
54:29 Guard Tower
54:29 Guard Tower
54:29 Guard Tower
54:30 Guard Tower
54:33 Scout Tower
54:38 Farm
54:57 Guard Tower
54:57 Guard Tower
54:57 Guard Tower
55:00 Arcane Tower
55:00 Arcane Tower
55:01 Arcane Tower
55:04 Guard Tower
55:04 Guard Tower
55:04 Guard Tower
55:04 Guard Tower
55:07 Scout Tower
55:34 Guard Tower
55:34 Guard Tower
55:34 Guard Tower
55:35 Guard Tower
55:38 Guard Tower
55:38 Guard Tower
55:38 Guard Tower
55:38 Guard Tower
55:47 Guard Tower
55:47 Guard Tower
55:56 Arcane Vault
56:04 Farm
56:18 Scout Tower
56:49 Guard Tower
56:49 Guard Tower
» items
| Boots of Speed | 3 | |
| Healing Salve | 1 | |
| Scroll of Regeneration | 7 | |
| Potion of Invisibility | 1 | |
| Scroll of Town Portal | 9 | |
| Orb of Fire | 1 | |
| Lesser Clarity Potion | 5 | |
| Staff of Teleportation | 3 | |
| Potion of Healing | 1 | |
| Potion of Mana | 1 | |
| Pendant of Energy | 1 | |
| Periapt of Vitality | 2 | |
35 total
Chat log
(00:36 / Allies) Bukkake_S1ut_69: Got these broke niggas looking at me like they chokin on a chicken bone
(01:08 / All) Bukkake_S1ut_69: i'm like a doctor with a mother fucking stethscope
(01:10 / Allies) StressedOutMan: my nigga u watch bukkake that shi tis gross
(01:14 / All) Bukkake_S1ut_69: i don't see no hope
(01:16 / All) Fade: shut the fuck up
(01:31 / All) Fade: fucking hacker purple
(01:32 / All) Bukkake_S1ut_69: bitch you can't talk to me like that
(01:38 / All) Bukkake_S1ut_69: are you fucking kidding me
(01:39 / All) SheSaidDestroy: He hacks?
(01:42 / All) Bukkake_S1ut_69: are you still talking about that game
(01:45 / All) Fade: you too
(01:47 / All) Bukkake_S1ut_69: I was the one who was dropped that game
(02:00 / All) Bukkake_S1ut_69: in fact i refused to drop you, asshole ....
(02:08 / All) StressedOutMan: people who scream hack HACK
(02:09 / All) LoAndBehold: That's why you guys all got dropped
(02:12 / All) Bukkake_S1ut_69: everyone else in my team clicked drop except me and then i got dropped
(02:21 / All) LoAndBehold: Yeah you all got dropped
(02:27 / All) Fade: sad hacker trash
(02:32 / All) LoAndBehold: If you don't drop then you will all drop
(02:39 / All) Bukkake_S1ut_69: are you fucking kidding me red
(02:46 / All) Bukkake_S1ut_69: are you fucking kidding me? are you just retarded?
(02:52 / All) StressedOutMan: red u upset because you hacK?
(03:01 / All) Bukkake_S1ut_69: red upset because he's stupid
(03:48 / All) LoAndBehold: if you don't drop laggers and they stay at 0 for a long time it drops everyone
(03:59 / All) StressedOutMan: thats false
(04:05 / All) SheSaidDestroy: True
(04:06 / All) SheSaidDestroy: i've seen it
(04:08 / All) LoAndBehold: No it isn't it has happened to me twice
(04:21 / All) StressedOutMan: thats called a drophack
(04:24 / All) SheSaidDestroy: nope
(04:29 / All) LoAndBehold: No it isn't
(04:30 / All) StressedOutMan: yep....
(04:43 / All) SheSaidDestroy: 2 against 1 bro
(04:46 / All) LoAndBehold: Try it sometime
(04:46 / All) SheSaidDestroy: we are right by majority
(04:55 / All) LoAndBehold: don't drop a lagger see waht happens
(04:59 / All) Bukkake_S1ut_69: green is trying too hard to be controversial
(04:59 / All) StressedOutMan: I don't give a fuckkkk
(05:17 / All) StressedOutMan: yall are wrong no need to be controversial
(05:39 / All) Bukkake_S1ut_69: green is a broke nigga chokin on a chicken bone
(06:01 / Allies) SheSaidDestroy: go nigger
(06:02 / Allies) SheSaidDestroy: wtf
(07:07 / All) IIIIIIllIlIlIIl: this is like the 10th game in arow
(07:10 / Allies) SheSaidDestroy: I can creep this myself
(07:14 / All) IIIIIIllIlIlIIl: theres 3 people together
(07:15 / All) IIIIIIllIlIlIIl: lol
(07:24 / All) Fade: tiold you hackers
(07:27 / All) Fade: team full of em
(07:28 / All) IIIIIIllIlIlIIl: na
(07:30 / All) Bukkake_S1ut_69: quit being bitter
(07:30 / All) IIIIIIllIlIlIIl: totally unlucky
(07:44 / All) IIIIIIllIlIlIIl: i swear its like 10 games in arow like that
(08:00 / Allies) Bukkake_S1ut_69: omg why are these guys so strong
(08:07 / Allies) SheSaidDestroy: it's pretty gay
(08:10 / Allies) SheSaidDestroy: they have coil too
(09:30 / Allies) www.urDIRT.com: distract yellow
(09:32 / Allies) www.urDIRT.com: green
(09:35 / Allies) www.urDIRT.com: ill fuck his main
(09:45 / Allies) StressedOutMan: got bigger fish
(09:46 / Allies) StressedOutMan: to fry
(09:58 / Allies) Bukkake_S1ut_69: he's level 4
(10:00 / Allies) Bukkake_S1ut_69: i need some help
(10:05 / Allies) StressedOutMan: im withu
(10:11 / All) SheSaidDestroy: nice expo
(10:13 / All) SheSaidDestroy: no necropolis
(10:16 / All) Fade: ty hacker
(10:18 / Allies) Bukkake_S1ut_69: fucking out
(10:19 / Allies) Bukkake_S1ut_69: out
(10:20 / All) SheSaidDestroy: Not hacker
(10:23 / Allies) Bukkake_S1ut_69: out
(10:24 / Allies) Bukkake_S1ut_69: out
(10:24 / Allies) Bukkake_S1ut_69: out
(10:27 / Allies) Bukkake_S1ut_69: they way strong
(11:49 / Allies) www.urDIRT.com: TP PLEASE
(11:57 / Allies) StressedOutMan: burrow
(12:00 / Allies) StressedOutMan: he doens't have
(12:01 / Allies) StressedOutMan: much
(12:03 / Allies) StressedOutMan: burrow
(12:24 / Allies) www.urDIRT.com: can someone fucking save me
(12:32 / Allies) StressedOutMan: FUCK
(12:35 / All) Bukkake_S1ut_69: you must save yourself
(12:42 / Allies) www.urDIRT.com: yeah after i killed yellow eh
(14:05 / Allies) www.urDIRT.com: anyone
(14:12 / Allies) Bukkake_S1ut_69: brt
(14:19 / Allies) SheSaidDestroy: No, I am true neutral. I don't want our side to get too strong
(14:46 / Allies) www.urDIRT.com: purple along..
(14:52 / Allies) www.urDIRT.com: alone
(15:53 / Allies) Bukkake_S1ut_69: fuck
(15:55 / Allies) Bukkake_S1ut_69: fire alarm
(15:57 / Allies) StressedOutMan: PINK
(15:58 / Allies) Bukkake_S1ut_69: sorry guys i got to go
(16:02 / Allies) StressedOutMan: wtf?
(16:04 / All) Bukkake_S1ut_69: there's a fucking fire alarm
(16:05 / All) Bukkake_S1ut_69: shit
(16:06 / Allies) SheSaidDestroy: are you stressed out, man?
(16:09 / All) Bukkake_S1ut_69: i have to go
(16:09 / All) Fade: gg
(16:10 / All) I-MASS-BLUNTZ: nope
(16:35 / All) SheSaidDestroy: There that evens out him being raped
(16:58 / All) Fade: leave virgin (pink)
(17:12 / All) SheSaidDestroy: thanks for putting it in paranthesis in case I didn't know
(17:40 / Allies) www.urDIRT.com: anyone got gold
(17:40 / All) SheSaidDestroy: thanks for not using your ghouls
(17:44 / Allies) SheSaidDestroy: Not me
(20:15 / Allies) www.urDIRT.com: send me some lumber green
(20:44 / Allies) StressedOutMan: pink
(20:46 / Allies) StressedOutMan: u gonna help?
(20:47 / Allies) StressedOutMan: or no?
(20:49 / Allies) SheSaidDestroy: yes
(20:57 / Allies) SheSaidDestroy: had to get expo first
(22:13 / All) SheSaidDestroy: WHY DIDN'T THAT HEALING WAVE GO OFF
(22:13 / All) SheSaidDestroy: WTF
(22:30 / All) SheSaidDestroy: now I have to tavern a lvl 7 hero
(22:53 / Allies) StressedOutMan: gold
(22:55 / Allies) StressedOutMan: if uc an
(22:57 / Allies) StressedOutMan: fo tuaren
(23:11 / Allies) www.urDIRT.com: i need lumber
(23:13 / Allies) www.urDIRT.com: ltos of it
(23:19 / Allies) www.urDIRT.com: ty
(24:35 / All) Fade: could you leave plz?
(24:46 / All) SheSaidDestroy: I raped you several times already and I will again
(24:53 / Allies) www.urDIRT.com: fuck those buildings
(25:11 / Allies) StressedOutMan: meet me
(27:58 / Allies) StressedOutMan: im
(27:59 / Allies) StressedOutMan: coming
(28:47 / Allies) StressedOutMan: expo
(29:14 / Allies) StressedOutMan: teal
(29:16 / Allies) StressedOutMan: u gonna build?
(30:10 / All) Fade: fucking cocksucker
(30:15 / All) SheSaidDestroy: leave
(30:28 / All) SheSaidDestroy: You are nothing but free xp to me
(30:39 / All) SheSaidDestroy: easiest undead I have seen in months
(30:52 / Allies) StressedOutMan: gold me
(30:55 / Allies) StressedOutMan: plz
(30:59 / All) Fade: your sister is the easiest
(31:07 / All) SheSaidDestroy: Did you come up with that one yourself?
(31:20 / All) Fade: bitch.
(32:06 / Allies) StressedOutMan: we need aa
(32:09 / Allies) StressedOutMan: for bats and frost
(32:32 / All) SheSaidDestroy: sup
(32:34 / All) SheSaidDestroy: Hi again red
(32:36 / All) SheSaidDestroy: You having a good time?
(32:37 / All) SheSaidDestroy: I am
(32:45 / All) Fade: knew you hacked
(32:49 / All) SheSaidDestroy: Not at all
(32:52 / All) SheSaidDestroy: What makes you think that?
(33:12 / All) SheSaidDestroy: grats on that level up
(33:16 / All) SheSaidDestroy: now you can't rebuild though!
(33:31 / All) Fade: pink confirmed virgin lol
(34:19 / All) LoAndBehold: Our society places too much emphasis on fucking sluts
(34:21 / Allies) StressedOutMan: we need aa
(34:23 / Allies) StressedOutMan: teal
(34:28 / Allies) StressedOutMan: not
(34:29 / Allies) StressedOutMan: raiders.
(34:29 / All) I-MASS-BLUNTZ: its what got us here
(34:31 / Allies) StressedOutMan: get bats
(34:34 / Allies) StressedOutMan: give me control
(34:42 / All) LoAndBehold: It's not like the old days where you could sire bastards and not be have to pay for the upbringing of the ugly brats
(34:52 / Allies) StressedOutMan: teal
(34:55 / Allies) StressedOutMan: duh fuck?
(34:58 / Allies) StressedOutMan: raiders no good
(35:05 / Allies) StressedOutMan: blahh
(35:37 / All) SheSaidDestroy: run that dk bro!
(35:48 / Allies) StressedOutMan: TEAL
(35:54 / Allies) StressedOutMan: GET BATS AND GIVE ME CONTROL
(35:55 / Allies) StressedOutMan: FUCK
(36:03 / Allies) StressedOutMan: WHAT A FUCKING WASTE
(36:11 / Allies) StressedOutMan: GIVE ME CONTROL
(37:02 / All) I-MASS-BLUNTZ: feedddd meeee
(37:05 / Allies) StressedOutMan: teal
(37:09 / Allies) StressedOutMan: give me control
(38:01 / All) SheSaidDestroy: check your base red
(38:11 / All) Fade: my base? your base now
(38:18 / All) SheSaidDestroy: you mean my expo?
(38:20 / All) Fade: i took over northwest
(38:21 / All) I-MASS-BLUNTZ: we all friends anyways
(38:24 / All) SheSaidDestroy: I still have t3 and 7,000 gold what about you?
(38:37 / Allies) StressedOutMan: orange
(38:38 / All) Fade: and ive had sex with 14 women
(38:40 / Allies) StressedOutMan: has 120000
(38:46 / Allies) StressedOutMan: teal is fucking up
(38:46 / All) SheSaidDestroy: What were their names?
(38:52 / Allies) StressedOutMan: 1w
(39:29 / Allies) SheSaidDestroy: omw
(40:25 / Allies) SheSaidDestroy: wtf
(40:27 / Allies) SheSaidDestroy: this is my expo
(40:48 / All) Fade: typical amerifat tower masser
(40:53 / All) SheSaidDestroy: I'm not American
(41:01 / All) SheSaidDestroy: Are you brazilian or some shit?
(41:04 / All) Fade: fucking hacks
(41:14 / All) Fade: hacks!!
(41:14 / All) SheSaidDestroy: Just skill
(41:17 / All) Fade: wow
(41:24 / All) SheSaidDestroy: Study my games at http://highper.ch
(42:18 / Allies) StressedOutMan: teal
(42:20 / Allies) StressedOutMan: go
(42:22 / Allies) StressedOutMan: wryvs
(42:26 / Allies) SheSaidDestroy: ?
(43:40 / All) I-MASS-BLUNTZ: gg clown shoes
(43:46 / All) SheSaidDestroy: Not over yet
(43:56 / Allies) StressedOutMan: omg
(43:57 / Allies) StressedOutMan: what
(43:58 / Allies) StressedOutMan: noob
(43:59 / All) LoAndBehold: he does hack lawl
(44:01 / Allies) StressedOutMan: used windwalk
(44:01 / All) I-MASS-BLUNTZ: ehh we lose....
(44:04 / All) Fade: told you
(44:07 / All) SheSaidDestroy: Who does?
(44:09 / All) SheSaidDestroy: Certainly not me
(44:09 / Allies) StressedOutMan: teal
(44:10 / Allies) StressedOutMan: wtf
(44:17 / All) LoAndBehold: Purple
(44:18 / All) I-MASS-BLUNTZ: thats why i said we lose....
(44:22 / All) I-MASS-BLUNTZ: ur quick
(44:31 / All) SheSaidDestroy: Purple left
(44:50 / Allies) StressedOutMan: teal
(44:51 / Allies) StressedOutMan: gold me
(44:53 / Allies) StressedOutMan: and wood me
(45:10 / Allies) StressedOutMan: used wind walk for what?
(45:13 / Allies) StressedOutMan: wasted mana
(46:38 / All) SheSaidDestroy: coil me my bitch
(47:26 / All) Fade: bye
(47:30 / All) SheSaidDestroy: cyu
(47:34 / All) SheSaidDestroy: How much gold do you have, red?
(47:39 / All) Fade: pro microer here
(47:52 / All) SheSaidDestroy: running away a lich with pressing M once is hard
(48:01 / All) Fade: m?
(48:08 / All) SheSaidDestroy: Do you even know the hotkey for move?
(48:09 / All) Fade: pink confirmed fucktard
(48:35 / All) SheSaidDestroy: I doubt you even know how to do E-Z-P-Z surrounds with M
(48:44 / All) Fade: stfu nerd
(48:47 / All) SheSaidDestroy: or make your units not attack others
(48:53 / All) SheSaidDestroy: or trade in gold amounts less than 100
(49:02 / All) Fade: sad nerd talking
(49:04 / All) Fade: leave.
(49:06 / All) I-MASS-BLUNTZ: lmao i wish i was like u
(49:11 / All) SheSaidDestroy: Not over yet, red
(49:14 / All) I-MASS-BLUNTZ: so dam cool
(49:21 / All) SheSaidDestroy: Did you ever even name one of the 13 women you said you fucked?
(49:26 / All) Fade: he gets all the ladies
(49:26 / All) SheSaidDestroy: Come up with names for your waifus
(50:58 / Allies) StressedOutMan: gonna see if i can ge bats
(51:00 / Allies) StressedOutMan: for pupr
(52:21 / Allies) StressedOutMan: lol.
(52:25 / All) Fade: nerd down
(52:34 / Allies) www.urDIRT.com: send me some gold
(52:35 / Allies) www.urDIRT.com: for hero
(52:39 / Allies) StressedOutMan: no dude
(52:46 / Allies) StressedOutMan: you been fucking us all game with raiders
(52:46 / Allies) www.urDIRT.com: need more than that
(52:53 / Allies) www.urDIRT.com: lol
(52:56 / Allies) www.urDIRT.com: look at pinky
(53:04 / Allies) SheSaidDestroy: I'm turtling and having a good time
(53:07 / Allies) StressedOutMan: he's just haveing fun
(53:14 / Allies) www.urDIRT.com: so am i
(53:15 / Allies) SheSaidDestroy: If there's something wrong with it I can kill your altar here and now
(53:30 / Allies) StressedOutMan: nothing wrong with that
(53:34 / Allies) StressedOutMan: just send purple gold
(53:37 / Allies) StressedOutMan: so i can take out air
(53:38 / Allies) StressedOutMan: plz
(53:44 / Allies) www.urDIRT.com: fuck the air
(53:47 / Allies) www.urDIRT.com: take out some heroes first
(53:51 / Allies) StressedOutMan: no
(53:53 / Allies) StressedOutMan: heroes easy
(53:55 / Allies) StressedOutMan: without air.
(54:11 / Allies) StressedOutMan: they trying to get orange gold
(54:15 / Allies) StressedOutMan: they lose
(54:17 / All) I-MASS-BLUNTZ: yawn
(54:27 / All) Fade: brb having sex
(54:46 / All) SheSaidDestroy: Okay red you aren't even being believable anymore
(54:49 / All) StressedOutMan: Lol. "having sex" and he calls teal a nerd
(54:53 / All) SheSaidDestroy: You never did name any of those women anyway
(55:09 / Allies) StressedOutMan: send purp gold plz
(55:12 / Allies) StressedOutMan: he's spent
(55:25 / Allies) www.urDIRT.com: send a little gold this way
(55:37 / All) LoAndBehold: I'll never understand why the permavirgins don't at least resort to "escorts"
(55:41 / All) LoAndBehold: unless tehy don't have jobs
(55:49 / All) SheSaidDestroy: Their parents might catch them
(55:50 / All) LoAndBehold: Then of course they couldn't afford them
(55:57 / All) LoAndBehold: but they could ask their parents for birthday cash
(56:08 / All) StressedOutMan: what's wrong with being a viring?
(56:14 / All) StressedOutMan: viring excuseee me
(56:17 / All) StressedOutMan: lol
(56:19 / All) StressedOutMan: ima stop
(56:28 / All) LoAndBehold: Depends at what age and for what reason
(56:38 / All) StressedOutMan: noooo.
(56:50 / All) LoAndBehold: If you're celibate until marriage or you find a good woman that's understandable
(56:52 / All) StressedOutMan: nah
(57:03 / All) StressedOutMan: well I agree
(57:16 / All) StressedOutMan: but really this whole you're a virgin nonsense
(57:19 / All) StressedOutMan: laughable
(57:35 / All) SheSaidDestroy: You should fuck 13 different women without knowing their names like red
(57:42 / All) StressedOutMan: lolz
(58:09 / All) SheSaidDestroy: and then interrupt Warcraft III: The Frozen Throne Four Versus Four Random Team to fuck a woman
(59:58 / Allies) SheSaidDestroy: Purp has no more resources, I shall dispose of him now
(60:13 / Allies) StressedOutMan: ah well
(60:16 / Allies) StressedOutMan: thats no fun
(61:17 / Allies) StressedOutMan: lol
(61:20 / Allies) StressedOutMan: i wasn't gonna run
(61:25 / Allies) SheSaidDestroy: I was getting bored of waiting
(61:32 / Allies) StressedOutMan: for what?
(61:35 / Allies) SheSaidDestroy: I was itchy to use the staff
(62:15 / All) I-MASS-BLUNTZ: ????????????????
(62:22 / All) StressedOutMan: he's bored lol
(62:43 / Allies) StressedOutMan: aww i was clicking on tc
(62:49 / Allies) StressedOutMan: just to see what he would say
(63:59 / All) I-MASS-BLUNTZ: luckly i got some dank as purple nugs
(64:16 / All) LoAndBehold: I was roughed up this week
(64:17 / All) StressedOutMan: I'm gonna smoke while yall play make it fun for me
(64:31 / All) I-MASS-BLUNTZ: exactly green
(64:42 / All) LoAndBehold: Slammed into the ground in an embarrassing fashion, smacking my chin on pavement
(64:49 / All) LoAndBehold: and my banging up my knee
(64:52 / All) LoAndBehold: canker sore
(64:54 / All) LoAndBehold: blisters
(64:55 / All) StressedOutMan: I know a little about a lot so while we wait fell free to ask me anything
(64:56 / All) LoAndBehold: jesus
(64:59 / All) LoAndBehold: Awful week
(65:16 / All) LoAndBehold: what is your favorite movie green
(65:30 / All) I-MASS-BLUNTZ: ok stressedoutman, what is the secret to enlightenment
(65:31 / All) StressedOutMan: let's start with i'm pretty famous for a guy who plays this
(65:39 / All) SheSaidDestroy: Oh?
(65:40 / All) SheSaidDestroy: Who are you?
(65:41 / All) StressedOutMan: to enlightment?
(65:48 / All) I-MASS-BLUNTZ: enlightenment
(65:54 / All) StressedOutMan: enlightenment ahh
(65:59 / All) StressedOutMan: well...
(66:03 / All) Fade: green is famous for being the worlds oldest virgin
(66:04 / All) StressedOutMan: i'll put it like this
(66:10 / All) LoAndBehold: Life is torture, death is release
(66:12 / All) StressedOutMan: lol i'm no virgin wish i wsa.
(66:14 / All) StressedOutMan: was
(66:18 / All) LoAndBehold: Fill at peace now brotehr and kill yourself
(66:20 / All) SheSaidDestroy: Who are you, friend?
(66:23 / All) LoAndBehold: feel
(66:27 / All) SheSaidDestroy: vem är du mi amice
(66:51 / All) StressedOutMan: Well I would say but you haven't heard of me...though you might stalk my facebook.
(66:56 / All) StressedOutMan: would be strange
(67:04 / All) SheSaidDestroy: I don't have a Facebook, none of my friends are stupid enough to
(67:06 / All) SheSaidDestroy: Just tell me
(67:36 / All) LoAndBehold: I'm somewhat famous myself
(67:44 / All) LoAndBehold: You may have heard of me
(67:51 / All) SheSaidDestroy: Okay, tell me who you are
(67:52 / All) I-MASS-BLUNTZ: lol
(67:52 / All) LoAndBehold: Lord Farsanky, the hero without equal
(67:56 / All) LoAndBehold: the champion without peer
(67:57 / All) I-MASS-BLUNTZ: not something u know stressedoutman
(68:02 / All) I-MASS-BLUNTZ: u cant generalize for everyone
(68:03 / All) StressedOutMan: If it was possible we wouldn't keep going
(68:17 / All) LoAndBehold: I gave bread to those that were hungry, and I smighted those who would do harm to the weak
(68:24 / All) StressedOutMan: yikes
(68:27 / All) StressedOutMan: good job
(68:46 / All) StressedOutMan: I can generalize for everyone those who are searching haven't are chasing cars man
(69:01 / All) I-MASS-BLUNTZ: lmao
(69:07 / All) I-MASS-BLUNTZ: i can already tell u are ignorant
(69:07 / All) SheSaidDestroy: thought that broke wind walk wtf
(69:10 / All) I-MASS-BLUNTZ: u assume u know stuff
(69:15 / All) StressedOutMan: a little...
(69:18 / All) I-MASS-BLUNTZ: u know nothing
(69:21 / All) I-MASS-BLUNTZ: i know nothing
(69:22 / All) StressedOutMan: perhaps
(69:25 / All) StressedOutMan: true
(69:36 / All) I-MASS-BLUNTZ: so dont say anything is anyway
(69:37 / All) StressedOutMan: where did you study?
(69:41 / All) I-MASS-BLUNTZ: things are possible
(69:46 / All) StressedOutMan: of course
(69:46 / All) I-MASS-BLUNTZ: the internet
(69:59 / All) StressedOutMan: enlightenment is an opinion my friend
(70:04 / All) I-MASS-BLUNTZ: idk if enlightenment is real, its possible though
(70:08 / All) StressedOutMan: its al relative
(70:10 / Allies) SheSaidDestroy: Are you having fun aimlessly wandering your bm around?
(70:14 / All) I-MASS-BLUNTZ: exactly
(70:15 / All) StressedOutMan: hence your argument
(70:23 / All) I-MASS-BLUNTZ: depends on your understanding of enlightenment
(70:31 / All) LoAndBehold: Green what is your favorite movie
(70:32 / All) I-MASS-BLUNTZ: its a good concept to strive for
(70:38 / All) I-MASS-BLUNTZ: over attachment to it would be a failure though
(70:43 / All) StressedOutMan: ah then your saying I can generalize for you?
(70:50 / All) StressedOutMan: can't sorry
(70:53 / All) LoAndBehold: Don't make me pimp slap you boy
(70:55 / All) I-MASS-BLUNTZ: u can do whatever u want
(70:59 / All) StressedOutMan: my fav movie?
(71:01 / All) StressedOutMan: hmm
(71:09 / All) StressedOutMan: Beautiful mind?
(71:13 / All) I-MASS-BLUNTZ: but in my opinion it is foolish to assume and generalize with absolute confidence
(71:16 / All) LoAndBehold: A faggot's answer
(71:28 / All) LoAndBehold: What's your favorite Batman movie by Nolan
(71:33 / All) StressedOutMan: Eh there are no absolutes I apoligze if I made you feel that way
(71:37 / All) StressedOutMan: I did say I know a little
(71:59 / All) LoAndBehold: A Beautiful Mind is hollywood garbage
(72:00 / All) I-MASS-BLUNTZ: lol well i wanted to point that out
(72:10 / All) StressedOutMan: Nah...
(72:28 / All) StressedOutMan: it's based on a true and interesting story however hollywood warped it
(72:59 / All) LoAndBehold: Get back to me when you're watching great films like Moon which is a favorite to intelligent gentlemen like myself
(73:14 / All) I-MASS-BLUNTZ: lmao
(73:15 / All) StressedOutMan: intelligent people don't say their intelligent
(73:19 / All) I-MASS-BLUNTZ: exactly
(73:23 / All) SheSaidDestroy: New Moon is a good movie for well read and well cultured 12 year old girls who have fantastic taste
(73:24 / All) StressedOutMan: lmao.
(73:39 / All) StressedOutMan: wha'ts with your new use of vocab?
(73:42 / All) StressedOutMan: trying to hard bro...
(73:49 / All) LoAndBehold: I wouldn't be caught dead reading or watching Twilight
(73:50 / All) StressedOutMan: " cultured" lmao
(73:58 / All) StressedOutMan: neither would I?
(74:03 / All) SheSaidDestroy: I've never read/watch any of them
(74:11 / All) LoAndBehold: Moon however is fantastic
(74:15 / All) SheSaidDestroy: I can't tell if green is talking to me, but apparently I'm too verbose for him which is funny
(74:23 / All) LoAndBehold: but only intelligent and handsome fellows like myself could ever appreciate it
(74:26 / All) StressedOutMan: I'm not?
(74:33 / All) StressedOutMan: why you want my attention
(74:38 / Allies) StressedOutMan: ?
(74:41 / All) StressedOutMan: ?
(74:43 / All) I-MASS-BLUNTZ: yall are clowns
(74:49 / All) LoAndBehold: I don't stare into the mirror enough
(74:49 / All) StressedOutMan: I'm a comedian
(75:04 / All) LoAndBehold: You never can stare into the mirror too much when you look this good, comrades
(75:18 / All) StressedOutMan: ah
(75:25 / All) StressedOutMan: if looks could kill I guess.
(75:27 / All) I-MASS-BLUNTZ: im curious why we arnt playing
(75:48 / All) StressedOutMan: because orange and pink have towered expos and both have 30000 plus gold.
(76:00 / All) I-MASS-BLUNTZ: i caught that much of it
(76:07 / All) StressedOutMan: eh
(76:08 / All) I-MASS-BLUNTZ: but why are they not fighting eachother
(76:16 / All) StressedOutMan: in my opinion you have the advantage
(76:38 / All) StressedOutMan: dk/lich mk/paly
(76:43 / All) StressedOutMan: pinks heros is long gone.
(76:48 / All) I-MASS-BLUNTZ: i dont have mk anymore
(76:50 / Allies) SheSaidDestroy: ?
(76:53 / All) StressedOutMan: ah
(76:54 / Allies) SheSaidDestroy: I got my PL
(76:55 / All) StressedOutMan: i killed it
(76:58 / All) I-MASS-BLUNTZ: awhile ago
(77:05 / All) StressedOutMan: you are right
(77:07 / All) StressedOutMan: forgot about htat.
(77:10 / All) StressedOutMan: that.
(77:11 / All) StressedOutMan: sheesh
(77:26 / All) StressedOutMan: my fingers fross I had orange's hero almost to use the ankh
(77:33 / All) StressedOutMan: but ah well
(77:39 / All) StressedOutMan: but my tc is dead
(77:44 / All) StressedOutMan: no sh no bm
(77:49 / All) StressedOutMan: pink killed them all
(77:54 / All) StressedOutMan: that was it for us
(78:05 / All) StressedOutMan: don't know what you're waiting for
(78:23 / All) StressedOutMan: teal is running from pink
(78:29 / All) StressedOutMan: though not at the moment
(78:43 / All) StressedOutMan: you should trade in items blue
(78:48 / All) StressedOutMan: and get ankh and tps
(78:53 / All) StressedOutMan: keep attacking have orange feed you
(79:11 / All) StressedOutMan: We would have had the game if red hadn't pissed off pink
(79:26 / All) StressedOutMan: he focused on crippled red while oranged expoed
(79:56 / All) StressedOutMan: teal keeping his distance lmao
(79:59 / All) StressedOutMan: teal sucked all game.
(80:07 / All) StressedOutMan: went raiders took out yellow cool
(80:14 / All) StressedOutMan: but afterwards total shit job
(80:34 / All) StressedOutMan: He's being smart making pink attack towers to kill him
(80:41 / All) StressedOutMan: lol.
(80:55 / All) StressedOutMan: yep orange plant that ward
(80:59 / All) StressedOutMan: yep
(81:01 / All) StressedOutMan: you got him
(81:11 / All) StressedOutMan: lmao
(81:15 / All) StressedOutMan: nice
(81:36 / All) SheSaidDestroy: Should I explain the rules?
(81:37 / All) StressedOutMan: funny stuf
(81:40 / All) StressedOutMan: no.
(81:42 / All) StressedOutMan: we don't want them.
(81:54 / All) StressedOutMan: I got work in the morning man
(82:11 / All) SheSaidDestroy: Let me put it this way: Are you willing to leave your computer on all night for the win?
(82:13 / All) I-MASS-BLUNTZ: orange just killed me heros lol
(82:20 / All) StressedOutMan: I'm smoking man.
(82:27 / All) StressedOutMan: I'm going str8 to bed after tihs
(82:32 / All) I-MASS-BLUNTZ: oj and pink are friends nad just trolling
(82:35 / All) StressedOutMan: just wanted to see how you would go out.
(82:39 / All) SheSaidDestroy: That doesn't answer the question green
(82:42 / All) www.urDIRT.com: christ u guys are the most boring people
(82:52 / All) StressedOutMan: teal you suck at this game.
(82:55 / All) StressedOutMan: uninstall
(82:59 / All) www.urDIRT.com: sure
(83:08 / All) www.urDIRT.com: maybe
(83:08 / All) I-MASS-BLUNTZ: ur website sucks too
(83:13 / All) www.urDIRT.com: If you talk like this.
(83:14 / All) StressedOutMan: pink going out "on his own terms" lmao
(83:16 / All) www.urDIRT.com: lol
(83:24 / All) SheSaidDestroy: Only killing food buildings
(83:30 / All) SheSaidDestroy: Orange and I are going to kill everything including our own units
(83:34 / All) SheSaidDestroy: and leave no food or possibility to make them
(83:39 / All) SheSaidDestroy: Then the last one to leave leaves victorious
(83:44 / All) SheSaidDestroy: You will all have equal chances of winning
(83:51 / All) StressedOutMan: lmao
(83:52 / All) SheSaidDestroy: Actually he left might not be able to now
(83:54 / All) I-MASS-BLUNTZ: sounds fair
(83:57 / All) StressedOutMan: hey have you beat man.
(84:02 / All) StressedOutMan: they
(84:03 / All) StressedOutMan: lolz
(84:04 / All) SheSaidDestroy: Are you willing to leave your computer on all night green?
(84:13 / All) StressedOutMan: always do my friend
(84:15 / All) I-MASS-BLUNTZ: green, pink and oj are trolling us
(84:23 / All) SheSaidDestroy: Okay good, you have a good chance with this win then
(84:42 / All) StressedOutMan: I don't care about wins.
(84:52 / All) SheSaidDestroy: Red is probably going to be banging hot chicks all night so I am sure he will leave his computer on
(84:54 / All) I-MASS-BLUNTZ: i was telling green.... that u 2 are trolls
(85:02 / All) SheSaidDestroy: We are professional trolls
(85:05 / All) StressedOutMan: of course
(85:14 / All) StressedOutMan: I troll like theres no tomorrow
(85:17 / All) StressedOutMan: see my name?
(85:25 / All) StressedOutMan: you think I'm ever stressed?
(85:43 / All) StressedOutMan: Like I said if you only knew who I was...
(85:44 / All) SheSaidDestroy: That's it for my team
(85:51 / All) SheSaidDestroy: Tell us before it ends, comedian
(86:02 / All) SheSaidDestroy: Are you Dave Chapel or someone equally unfunny? I don't even know comedian names
(86:06 / All) StressedOutMan: lmao bro are you okay?
(86:07 / All) SheSaidDestroy: 0 food all around my side
(86:14 / All) SheSaidDestroy: Yes lawl I am having a good time what about you?
(86:20 / All) StressedOutMan: same
(86:27 / All) StressedOutMan: you seem somewhat bothered
(86:34 / All) SheSaidDestroy: I am quivering in fear ^^
(86:36 / All) StressedOutMan: just saying...
(86:41 / All) StressedOutMan: should you be?
(86:43 / All) LoAndBehold: Zach Giraffackus
(86:44 / All) SheSaidDestroy: Just a good game to end the night on is all
(86:45 / All) StressedOutMan: i'm a meager man
(86:49 / All) SheSaidDestroy: was fun, good playing with you bro
(86:52 / All) StressedOutMan: oh okay...
(86:54 / All) LoAndBehold: David Cross
(87:06 / All) LoAndBehold: Bob Odenkirk
(87:06 / All) StressedOutMan: Stand up is not my occupation
(87:08 / All) StressedOutMan: stop trying
(87:15 / All) SheSaidDestroy: Do you write for Cracked or something?
(87:16 / All) LoAndBehold: Day-9
(87:22 / All) LoAndBehold: Seanbaby
(87:25 / All) SheSaidDestroy: Are you Christina H or whatever her name is?
(87:31 / All) StressedOutMan: who?
(87:35 / All) SheSaidDestroy: Seanbaby is the only one funny on Cracked, don't mention him
(87:42 / All) StressedOutMan: hack my comp
(87:45 / All) LoAndBehold: ARe you Kate Upton?
(87:50 / All) StressedOutMan: i'm a woman now?
(87:52 / All) StressedOutMan: lmao
(87:56 / All) LoAndBehold: I'll totally eat your ass baby
(88:00 / All) SheSaidDestroy: I bet you are John Cheese, since you talk about your problems all game
(88:06 / All) LoAndBehold: If you are Kate Upton or Hayden Panetierre
(88:09 / All) StressedOutMan: what problems?
(88:23 / All) SheSaidDestroy: all of them
(88:24 / All) LoAndBehold: Are you an internet celeb
(88:29 / All) SheSaidDestroy: Are you a Youtuber?
(88:31 / All) StressedOutMan: nah
(88:35 / All) LoAndBehold: Do you do extreme sports
(88:40 / All) StressedOutMan: nah
(88:43 / All) SheSaidDestroy: Does your uncle work at Blizzard?
(88:51 / All) LoAndBehold: Do you play professional monopoly
(89:17 / All) StressedOutMan: wait did I miss something?
(89:18 / All) LoAndBehold: Are you a poker player brotehr
(89:23 / All) StressedOutMan: where's everyone units?
(89:24 / All) I-MASS-BLUNTZ: yep
(89:28 / All) I-MASS-BLUNTZ: im a poker player.....
(89:33 / All) LoAndBehold: No one can win now unless other team leaves
(89:39 / Allies) StressedOutMan: I play poker I am good
(89:41 / All) SheSaidDestroy: We explained the rules already my faithful friend
(89:45 / All) StressedOutMan: but thats not my job
(89:49 / All) SheSaidDestroy: He says in allied chat he plays poker and he's good
(89:51 / All) StressedOutMan: I don't play by your rules lolz
(90:03 / All) LoAndBehold: every moment you're here you do brother
(90:03 / All) SheSaidDestroy: You did without trying to
(90:19 / All) StressedOutMan: I mininze the screen watch a TED talk and sleep well
(90:21 / All) LoAndBehold: What's your occupation
(90:35 / All) SheSaidDestroy: Good luck, then, with the win, mi amices, min vänner
(90:39 / All) StressedOutMan: I am a kindergarten teacher
(90:45 / All) StressedOutMan: night bro
(90:47 / All) LoAndBehold: Are you a CNN hero
(90:50 / All) StressedOutMan: you won!
(90:52 / All) SheSaidDestroy: What country are you from?
(90:53 / All) StressedOutMan: you did it!
(91:05 / All) LoAndBehold: Do you teach retarded Afghani girls
(91:27 / All) SheSaidDestroy: So gross wie die ganze welt
(91:29 / All) StressedOutMan: Pink bro I'm concerned about your life though...
(91:36 / All) SheSaidDestroy: How come?
(91:42 / All) StressedOutMan: you got some built up anger inside...
(91:47 / All) SheSaidDestroy: Oh really?
(91:47 / All) LoAndBehold: if he moves to Afghanistan you could mentor him
(91:57 / All) LoAndBehold: and he could be the next CNN hero
(92:01 / All) SheSaidDestroy: I could learn to teach as well as him
(92:02 / All) StressedOutMan: I would never go afganistan.
(92:06 / All) SheSaidDestroy: Wow racist
(92:09 / All) SheSaidDestroy: I am reporting you to FOX News
(92:23 / All) SheSaidDestroy: Do you hate Arabs?
(92:26 / All) StressedOutMan: you ASSumming much?
(92:34 / All) StressedOutMan: I think arabs are splendid people
(92:35 / All) LoAndBehold: Afghanis are hardly arabs brotehr
(92:36 / All) I-MASS-BLUNTZ: so tell me guys, what do yall know about the financial system?
(92:40 / All) StressedOutMan: thank you!.
(92:48 / All) StressedOutMan: captalism all the way baby
(92:51 / All) LoAndBehold: I know that it is Jew contrived and exploited
(92:55 / All) I-MASS-BLUNTZ: lmao green
(92:57 / All) SheSaidDestroy: They are all arabs bro, there are no seperate parts of the middle east. CNN told me so
(92:58 / All) I-MASS-BLUNTZ: its gunna collapse
(93:11 / All) I-MASS-BLUNTZ: the financial system is gunna collapse due to the shady capitalism
(93:14 / All) LoAndBehold: We need to line these kykes up in front of a firing squad
(93:15 / All) StressedOutMan: Oh "I'm not a marxist looking ass bro"
(93:19 / All) LoAndBehold: old fashion like
(93:20 / All) LoAndBehold: all of them
(93:21 / All) StressedOutMan: eh
(93:25 / All) StressedOutMan: no.
(93:28 / All) LoAndBehold: Then we round up the niggers
(93:33 / All) SheSaidDestroy: We should start a revolution and bring forth new systems such as national socialism, national anarchism, national bolshevim
(93:35 / All) LoAndBehold: And we ship them niggers back to Africa
(93:40 / All) StressedOutMan: if it was it would have happened a couple of years ago
(93:42 / All) SheSaidDestroy: maybe fascism, communism, marxism-leninism, stalinism, or Juché
(93:43 / All) LoAndBehold: the rowdy, uppity ones will have to be lynched
(93:50 / All) I-MASS-BLUNTZ: lmao green
(93:52 / All) I-MASS-BLUNTZ: rethink it
(93:53 / All) StressedOutMan: Oh my gosh he said "niggers" everyone be offended
(93:59 / All) LoAndBehold: I ain't no pinko commie
(94:00 / All) I-MASS-BLUNTZ: i cant explain it with justice now
(94:11 / All) LoAndBehold: we need a strong personality to take charge and rule the people
(94:13 / All) StressedOutMan: No, I fully agree the corruption in captalism is a problem but...
(94:14 / All) LoAndBehold: someone like me
(94:18 / All) SheSaidDestroy: Or me
(94:22 / All) LoAndBehold: the hero without equal
(94:32 / All) SheSaidDestroy: You could control the west and I could control the east
(94:32 / All) StressedOutMan: the fact tha your talking about it is the awareness
(94:35 / All) StressedOutMan: we need
(94:40 / All) I-MASS-BLUNTZ: lets hope
(94:41 / All) LoAndBehold: The people can host parades in my honor instead of that macy day crap
(94:49 / All) SheSaidDestroy: And banners on every street
(94:55 / All) StressedOutMan: what are you even talking about bro?
(94:56 / All) LoAndBehold: I can control US and Europe and you can take the North Pole
(94:56 / All) SheSaidDestroy: All shall point to us and say "HEIL!"
(95:09 / All) SheSaidDestroy: I have European citizenship and you don't bro
(95:10 / All) LoAndBehold: I'm talking about my consulship brother
(95:11 / All) StressedOutMan: What a lame troll...
(95:12 / All) SheSaidDestroy: It automagically goes to me
(95:29 / All) LoAndBehold: Thank you for hte lumber I shall put that to great use
(95:32 / All) SheSaidDestroy: You can keep the US, you would have the most work to do. Iron out all of the fatties and put them to work
(95:44 / All) LoAndBehold: You hear that green|?
(95:45 / All) SheSaidDestroy: I on the other hand can nationalise Europa
(95:52 / All) StressedOutMan: No say it again?
(95:52 / All) LoAndBehold: Pink would be a hard ruler for you
(95:55 / All) StressedOutMan: I was thinkin
(95:56 / All) LoAndBehold: I am more compassionate
(96:05 / All) StressedOutMan: lmao.
(96:11 / All) StressedOutMan: You guys need jobs
(96:13 / All) LoAndBehold: I would let the obese live in zoos
(96:30 / All) LoAndBehold: and feed them all the big macs and whoppers they want
(96:34 / All) I-MASS-BLUNTZ: the truth is stranger then fiction
(96:42 / All) LoAndBehold: and my dear ol' pal Jacob Campbell could be the main attraction
(96:44 / All) I-MASS-BLUNTZ: good luck to yall,
(96:44 / All) StressedOutMan: Do alot of obese people play this?
(96:56 / All) LoAndBehold: I'd let him have an obese Japanese wife and they could watch Mike and Molly together
(96:58 / All) LoAndBehold: every night
(96:59 / All) SheSaidDestroy: I have no idea. I never associate with obese people
(97:00 / All) I-MASS-BLUNTZ: peace
(97:03 / All) SheSaidDestroy: PEACE BRO
(97:06 / All) StressedOutMan: later
(97:14 / All) I-MASS-BLUNTZ: clan toke btw
(97:15 / All) SheSaidDestroy: HEJDÅ
(97:17 / All) SheSaidDestroy: HEILIGE
(97:17 / All) I-MASS-BLUNTZ: clan toke ftw
(97:18 / All) StressedOutMan: eww
(97:19 / All) StressedOutMan: clans....
(97:22 / All) StressedOutMan: lmao
(97:26 / All) StressedOutMan: yea bro you need a job
(97:26 / All) SheSaidDestroy: CIAO
(97:27 / All) I-MASS-BLUNTZ: ya its not to be serious
(97:30 / All) SheSaidDestroy: VALE
(97:31 / All) LoAndBehold: and he could play his JRPGs and she could could him fattening slop, they would live happily ever after
(97:33 / All) StressedOutMan: ah I get it.
(97:35 / All) I-MASS-BLUNTZ: clans are to have a chat channel where people all smoke weed
(97:39 / All) StressedOutMan: as if what were doing was serious
(97:40 / All) LoAndBehold: And with that I bid you all adieu, best of luck to you comrades
(97:45 / All) SheSaidDestroy: Good luck everyone
(97:47 / All) StressedOutMan: that's the saddest thing i've ever heard
(97:48 / All) SheSaidDestroy: LET IT BEGIN, LET IT BEGIN!